 Dungeon Crawl Stone Soup version 0.21.1-1-g345015fe64 (webtiles) character file.

385 Oravi the Slinger (level 7, 0/45 HPs)
             Began as a Halfling Hunter on Apr 19, 2018.
             Slain by an orc warrior
             ... wielding a +0 flail
              (14 damage)
             ... on level 4 of the Dungeon.
             The game lasted 00:12:24 (2972 turns).

Oravi the Slinger (Halfling Hunter)                 Turns: 2972, Time: 00:12:25

Health: 0/45       AC:  8    Str: 13    XL:     7   Next: 6%
Magic:  7/7        EV: 21    Int:  9    God:
Gold:   138        SH:  0    Dex: 22    Spells: 6/6 levels left

rFire    . . .     SeeInvis .   b - +0 short sword
rCold    . . .     Gourm    .   (shield restricted)
rNeg     . . .     Faith    .   c - +0 leather armour
rPois    .         Spirit   .   x - +2 helmet
rElec    .         Reflect  .   g - +0 cloak
rCorr    .         Harm     .   v - +0 pair of gloves
MR       .....                  (no boots)
Stlth    +++.......             (no amulet)
HPRegen  0.15/turn              (no ring)
MPRegen  0.10/turn              (no ring)

@: agile
A: small, mutation resistance 1
a: no special abilities


You were on level 4 of the Dungeon.
You were not hungry.

You visited 1 branch of the dungeon, and saw 4 of its levels.

You collected 138 gold pieces.

Inventory:

Hand Weapons
 a - a +2 hunting sling
 b - a +0 short sword (weapon)
Missiles
 d - 2 sling bullets
 w - 9 stones (quivered)
Armour
 c - a +0 leather armour (worn)
 g - a +0 cloak (worn)
 h - a +1 robe of magic resistance
 v - a +0 pair of gloves (worn)
 x - a +2 helmet (worn)
Jewellery
 i - an uncursed amulet of magic regeneration {unknown}
 k - an uncursed amulet of magic regeneration {unknown}
 n - an uncursed amulet of guardian spirit {unknown}
Wands
 j - a wand of digging (13)
Scrolls
 l - a scroll of teleportation
 o - a scroll of magic mapping {unknown}
 q - a scroll of remove curse {unknown}
Potions
 e - a potion of mutation
 m - a potion of ambrosia
 r - 2 potions of haste
 t - a potion of lignification {unknown}
Comestibles
 f - 13 rations
 p - 8 chunks of flesh


   Skills:
 + Level 2.7 Fighting
 * Level 2.8 Short Blades
 + Level 9.2 Slings
 + Level 2.1 Armour
 + Level 2.8 Dodging
 - Level 1.1 Stealth


You had 6 spell levels left.
You didn't know any spells.

Dungeon Overview and Level Annotations

Branches:
Dungeon (4/15)
 Temple: D:4-7

Altars:

Annotations:
D:3 CInkIbrahim's ghost, amateur OpGl


Innate Abilities, Weirdness & Mutations

You are small and have problems with some larger weapons.
You are somewhat resistant to further mutation.


Message History

You hit the orc warrior.
The orc warrior is moderately wounded.
The orc warrior hits you with a flail.
You hit the orc warrior but do no damage.
The orc warrior is moderately wounded.
The orc warrior hits you with a flail.
You hit the orc warrior but do no damage.
The orc warrior is moderately wounded.
The orc warrior hits you with a flail!
* * * LOW HITPOINT WARNING * * *
Things that are here:
a dagger; a robe You see here a dagger.
Items here: )) [ รท a dagger; a hand axe; a leather armour; an orc skeleton
There is a stone staircase leading up here.
It was a potion of agility.
You feel agile all of a sudden. The orc warrior hits you with a flail!
You die...

.. #.# #.# ####### ##.##
#.# #######.....# ##..##
#.# #....##.###.# .....#
#.# #.##.##.....# .##..#
#.# #)#o....#...# .....#
#.# #o#.###.#..####
#....###.###)#.#@..#.....#
....(....o...#.o...#.###.#
........(#####.#.....###.#
#...........#..#....##...#
......o..##.#.##....##.###
....#.##.# #.##.......#
..#...##.# #.##....####
....#..#.# #.##....###
.#..#.o#.##.#.##......#


You could see an orc warrior.

Vanquished Creatures
  A hound (D:3)
  An orc wizard (D:4)
  Jessica (D:2)
  Natasha (thrice) (D:2)
  A worker ant (D:4)
  3 gnolls (D:3)
  8 adders
  2 worms (D:2)
  2 dart slugs
  6 leopard geckos
  6 orcs (D:4)
  2 ball pythons
  3 giant cockroaches
  7 hobgoblins
  10 jackals
  A quokka (D:3)
  8 bats
  4 frilled lizards
  9 goblins
  5 kobolds
  A leopard gecko skeleton (D:4)
  6 rats
90 creatures vanquished.

Notes
Turn   | Place    | Note
-------+----------+-------------------------------------------
     0 | D:1      | Oravi the Halfling Hunter began the quest for the Orb.
     0 | D:1      | Reached XP level 1. HP: 14/14 MP: 1/1
    59 | D:1      | Reached skill level 6 in Slings
   193 | D:1      | Reached XP level 2. HP: 19/19 MP: 2/2
   340 | D:1      | Reached skill level 1 in Short Blades
   344 | D:1      | Reached XP level 3. HP: 23/24 MP: 3/3
   888 | D:2      | Noticed Jessica
   892 | D:2      | Killed Jessica
   892 | D:2      | Reached skill level 7 in Slings
   892 | D:2      | Reached XP level 4. HP: 29/29 MP: 4/4
  1130 | D:2      | Reached XP level 5. HP: 30/34 MP: 5/5
  1692 | D:2      | Noticed Natasha
  1696 | D:2      | Killed Natasha
  1696 | D:2      | Reached skill level 8 in Slings
  1732 | D:2      | Reached skill level 1 in Armour
  1733 | D:2      | Noticed Natasha
  1741 | D:2      | Killed Natasha
  1849 | D:2      | Noticed Natasha
  1853 | D:2      | Killed Natasha
  1853 | D:2      | Reached XP level 6. HP: 41/41 MP: 6/6
  2283 | D:3      | Noticed CInkIbrahim's ghost (amateur OpGl)
  2710 | D:4      | Reached skill level 9 in Slings
  2831 | D:4      | Reached XP level 7. HP: 45/45 MP: 7/7
  2972 | D:4      | Slain by an orc warrior

Skill      XL: |  1  2  3  4  5  6 |
---------------+-------------------+-----
Slings         | 6 7 8 9 |  9.2
Short Blades   | 1 2 |  2.8
Fighting       | 2 |  2.7
Armour         | 1 2 |  2.1
Dodging        | |  2.8
Stealth        | |  1.1

Action                   |  1- 3 |  4- 6 |  7- 9 || total
-------------------------+-------+-------+-------++-------
Melee: Short sword       |       |    43 |    17 ||    60
 Fire: Hunting sling     |    54 |   169 |    29 ||   252
  Use: Scroll            |       |    11 |       ||    11
       Potion            |       |       |     1 ||     1
  Eat: Chunk             |       |     5 |     1 ||     6
Armor: Leather armour    |     2 |    10 |     6 ||    18
Dodge: Dodged            |     6 |    61 |    13 ||    80
